[Event "Live Chess"]
[Site "Chess.com"]
[Date "2023.05.20"]
[Round "-"]
[White "garyjc"]
[Black "jusjoel"]
[Result "1-0"]
[WhiteElo "1035"]
[BlackElo "296"]
[TimeControl "300"]
[EndTime "10:44:34 PDT"]
[Termination "garyjc won by resignation"]

1. e4 e5 2. Nf3 Nf6 3. Nc3 Nc6 4. d4 d5 5. dxe5 dxe4 6. Qxd8+ Kxd8 7. Ng5 Ke8 8. exf6 gxf6 9. Ngxe4 Bb4 10. Nxf6+ Ke7 11.
Nd5+ Kd6 12. Nxb4 Nxb4 13. Ne4+ Kd7 14. Bd3 Re8 15. O-O b6 16. Nf6+ Kd8 17. Nxe8 Kxe8 18. Re1+ Be6 19. Bb5+ Ke7 20. Bg5+ Kd6 21. Rad1+ Kc5 22.
Bd3 Nxd3 23. cxd3 Rg8 24. Be7+ Kc6 25. Rc1+ Kd7 26. Bh4 Bd5 27. Re7+ Kd8 28. Re5+ Kd7 29.
Rxd5+ 1-0

[Event "Live Chess"]
[Site "Chess.com"]
[Date "2023.05.20"]
[Round "-"]
[White "jameskwong"]
[Black "siddu198"]
[Result "1-0"]
[WhiteElo "2163"]
[BlackElo "1641"]
[TimeControl "300"]
[EndTime "10:44:53 PDT"]
[Termination "jameskwong won by resignation"]

1. d4 d5 2. c4 c6 3. Nc3 e6 4. Nf3 Nf6 5. Bg5 Be7 6. e3 Nbd7 7.
cxd5 cxd5 8. Bd3 h6 9. Bh4 Nb6 10. O-O O-O 11. Ne5 Nfd7 12. Bxe7 Qxe7 13. f4 Nxe5 14.
fxe5 Nc4 15. Qe2 b5 16. Nxb5 Rb8 17. b3 Na3 18. Nd6 Bd7 19. Rac1 Rb6 20. Rc7 a6 21. Bxa6 Rxd6 22. exd6 Qxd6 23. Rfc1 Ra8 24. Bd3 Rb8 25. e4 dxe4 26. Qxe4 g6 27. Qe5 Qxe5 28. dxe5 Bb5 29. Rc8+ Rxc8 30. Rxc8+ Kg7 31. Be4 Be2 32. Ra8 Nb5 33.
a4 Nd4 34. b4 Bc4 35. b5 Ne2+ 36. Kf2 Nc3 37. Bf3 h5 38. b6 Nd5 39. b7 1-0

[Event "Live Chess"]
[Site "Chess.com"]
[Date "2023.05.20"]
[Round "-"]
[White "KuriyamaMiraiUA"]
[Black "Doge_Dandolo"]
[Result "0-1"]
[WhiteElo "676"]
[BlackElo "2123"]
[TimeControl "300"]
[EndTime "10:44:57 PDT"]
[Termination "Doge_Dandolo won on time"]

1. d4 d5 2. c4 c6 3. Nc3 Nf6 4. e3 a6 5. Bd3 dxc4 6. Bxc4 e6 7. Nf3 b5 8. Bb3 c5 9. dxc5 Bxc5 10. O-O Bb7 11. Ne5 Qc7 12. Nd3 Qc6 13. Nf4 Bd6 14.
f3 O-O 15. e4 Bc5+ 16. Kh1 Nbd7 17. Nd3 Bb6 18. Re1 Rfd8 19. Be3 Bxe3 20. Rxe3 Ne5 21. Qc2 Qc7 22. Kg1 Rac8 23. a4 Nxd3 24. Rxd3 Rxd3 25. Qxd3 Rd8 26. Qe2 b4 27. Na2 h5 28. Rd1 Rxd1+ 29. Qxd1 Qc5+ 30. Kh1 a5 31. Qc2 Qe3 0-1

[Event "Live Chess"]
[Site "Chess.com"]
[Date "2023.05.20"]
[Round "-"]
[White "Albul"]
[Black "PetorPrydatko"]
[Result "1-0"]
[WhiteElo "2166"]
[BlackElo "369"]
[TimeControl "300"]
[EndTime "10:45:04 PDT"]
[Termination "Albul won by checkmate"]

1. e4 e5 2. Bc4 d6 3. Nf3 d5 4. exd5 Bb4 5. O-O Ne7 6. Bb5+ c6 7. dxc6 bxc6 8. Bc4 c5 9. Nxe5 O-O 10. Nxf7 Rxf7 11. Bxf7+ Kxf7 12. Qf3+ Kg8 13. Qxa8 a5 14. d3 Bb7 15. Qxb7 Nd7 16. a3 c4 17. axb4 axb4 18. Ra8 Nb8 19. Rxb8 Nc8 20. Rxc8 Qf8 21. Qd5+ Kh8 22.
Rxf8# 1-0

[Event "Live Chess"]
[Site "Chess.com"]
[Date "2023.05.20"]
[Round "-"]
[White "f4nomore"]
[Black "TDCMF"]
[Result "1-0"]
[WhiteElo "1375"]
[BlackElo "350"]
[TimeControl "300"]
[EndTime "10:45:10 PDT"]
[Termination "f4nomore won by checkmate"]

1. d4 d5 2. Bg5 f6 3. Bh4 g5 4.
Bg3 f5 5. h3 Nf6 6. e3 Nc6 7.
Nc3 e6 8. Be2 Bd6 9. Bxd6 Qxd6 10. Bh5+ Nxh5 11. Qxh5+ Ke7 12. Qxg5+ Kf7 13. Qh5+ Kf6 14.
Nf3 Rg8 15. O-O-O Nb4 16. a3 Qa6 17. Qxh7 Rg7 18. Qh6+ Rg6 19. Qh4+ Kg7 20. Ne5 Rxg2 21. Rhg1 Rxg1 22. Rxg1+ Kf8 23. Qf6+ Ke8 24. Rg8# 1-0

[Event "Live Chess"]
[Site "Chess.com"]
[Date "2023.05.20"]
[Round "-"]
[White "LutherSullivan"]
[Black "boilerboy1"]
[Result "1-0"]
[WhiteElo "1879"]
[BlackElo "1085"]
[TimeControl "300"]
[EndTime "10:45:12 PDT"]
[Termination "LutherSullivan won on time"]

1. c4 Nf6 2. g3 g6 3. Bg2 c5 4.
Nc3 d6 5. a3 Bg7 6. Rb1 O-O 7.
Nf3 Nbd7 8. b4 cxb4 9. axb4 a5 10.
b5 Nc5 11. Qc2 a4 12. Ba3 Nb3 13. Nxa4 Na5 14. d3 b6 15. Bb4 Bb7 16. O-O d5 17. c5 bxc5 18. Nxc5 Bc8 19. Nd4 Nb7 20. Nc6 Qc7 21. Nxb7 Qxb7 22. Nxe7+ Kh8 23. Qc6 Qxc6 24. bxc6 Be6 25. c7 Rfe8 26. Nc6 Ng4 27. Bd6 Bc8 28. Rb8 Rxe2 29. Rxa8 1-0

[Event "Live Chess"]
[Site "Chess.com"]
[Date "2023.05.20"]
[Round "-"]
[White "EdenHazard8"]
[Black "raminguy"]
[Result "1/2-1/2"]
[WhiteElo "2120"]
[BlackElo "1973"]
[TimeControl "300"]
[EndTime "10:45:19 PDT"]
[Termination "Game drawn by repetition"]

1. e4 e5 2. Nf3 Nc6 3. Bc4 Bc5 4. d3 Nf6 5. h3 O-O 6. Bg5 h6 7. Bh4 Be7 8. O-O d6 9. Nc3 Na5 10. Bb3 Nxb3 11. axb3 a6 12. b4 Be6 13. Re1 c6 14. Ne2 Nh5 15. Bxe7 Qxe7 16. c3 Qf6 17. Qd2 Bxh3 18. Ng3 Nxg3 19. fxg3 Be6 20. Rf1 Qg6 21. Kh2 Qh5+ 22. Kg1 Qg4 23. Kh2 Qh5+ 24. Kg1 Qg4 25. Kh2 Qh5+ 1/2-1/2

[Event "Live Chess"]
[Site "Chess.com"]
[Date "2023.05.20"]
[Round "-"]
[White "ClassyChameleon"]
[Black "worldchessleaguelive"]
[Result "0-1"]
[WhiteElo "1060"]
[BlackElo "1420"]
[TimeControl "300"]
[EndTime "10:45:32 PDT"]
[Termination "worldchessleaguelive won by checkmate"]

1. e4 d5 2. exd5 Qxd5 3. Nf3 Nf6 4. Bd3 Nc6 5. O-O Bg4 6. c4 Bxf3 7. cxd5 Bxd1 8. dxc6 Bh5 9. cxb7 Rb8 10. Ba6 Nd7 11. d4 e5 12. dxe5 Nc5 13. Bf4 Nxa6 14. e6 Rxb7 15. Re1 Bd6 16. Bxd6 cxd6 17. Nc3 O-O 18. e7 Re8 19. Nd5 Nb4 20. Rac1 Nxd5 21. Rc8 f6 22. Rxe8+ Bxe8 23. Re6 Rxe7 24. Rxd6 Re1# 0-1

[Event "Live Chess"]
[Site "Chess.com"]
[Date "2023.05.20"]
[Round "-"]
[White "LiamClery2020"]
[Black "nigelst"]
[Result "1-0"]
[WhiteElo "2088"]
[BlackElo "1832"]
[TimeControl "300"]
[EndTime "10:45:38 PDT"]
[Termination "LiamClery2020 won by checkmate"]

1. e4 c6 2. c4 d5 3. cxd5 cxd5 4. exd5 Nf6 5. Nf3 e6 6. dxe6 Bxe6 7. Nc3 Bd6 8. h3 O-O 9. d4 Nc6 10. Bg5 Be7 11. Bd3 Nd5 12. Bxe7 Qxe7 13. O-O Rad8 14. Re1 Qf6 15. Ne4 Qf4 16. Qc1 Qxc1 17. Raxc1 Ndb4 18. Bb1 Nxd4 19. Nxd4 Rxd4 20. Nc5 Bxa2 21. Bxa2 Nxa2 22. Ra1 Nb4 23. Rxa7 Rd2 24. Rxb7 Rxb2 25. Ree7 Rc2 26. Nd7 Nd5 27. Re5 Rc7 28. Rxc7 Nxc7 29. Nxf8 Kxf8 30.
f4 Ne6 31. f5 Nd4 32. Kf2 f6 33. Ra5 g6 34. g4 Kg7 35. Rd5 Nc2 36. Rd7+ Kh6 37.
Kg3 gxf5 38. gxf5 Kg5 39. Rxh7 Kxf5 40. Ra7 Kg6 41. Ra4 Ne3 42. Kf3 Nd5 43. Ra5 Ne7 44. Kg4 f5+ 45. Kf4 Kf6 46. Ra6+ Kf7 47. Ke5 f4 48.
Kxf4 Nd5+ 49. Kg5 Nc3 50. Ra7+ Kf8 51. h4 Ne4+ 52. Kg6 Nc5 53. h5 Ne6 54. Kf6 Nf4 55. Ra8# 1-0

[Event "Live Chess"]
[Site "Chess.com"]
[Date "2023.05.20"]
[Round "-"]
[White "zdanevych"]
[Black "NAZRIZ1977"]
[Result "0-1"]
[WhiteElo "1544"]
[BlackElo "2147"]
[TimeControl "300"]
[EndTime "10:45:39 PDT"]
[Termination "NAZRIZ1977 won by resignation"]

1. d4 Nf6 2. c4 c5 3. d5 b5 4. Nc3 a6 5. e4 d6 6. a3 b4 7. axb4 cxb4 8. Nce2 Nxe4 9. Nf3 g6 10.
Ng3 Nf6 11. b3 Bg7 12. Bb2 O-O 13. Rb1 Bg4 14. Be2 Nbd7 15. h3 Bxf3 16. Bxf3 Nc5 17. O-O a5 18. Qd2 Nxb3 19. Qc2 Nc5 20. Ne4 Nfxe4 21.
Bxe4 Bxb2 22. Rxb2 Nxe4 23. Qxe4 Qb6 24. Qxe7 a4 25. Qe3 b3 26. Ra1 Qb4 27. Qd2 Qxd2 28. Rxd2 a3 29. Rd3 b2 0-1

[Event "Live Chess"]
[Site "Chess.com"]
[Date "2023.05.20"]
[Round "-"]
[White "Leonid_Starozhilov"]
[Black "BogdanBeleiUkraine"]
[Result "1-0"]
[WhiteElo "2659"]
[BlackElo "1203"]
[TimeControl "300"]
[EndTime "10:45:40 PDT"]
[Termination "Leonid_Starozhilov won by resignation"]

1. e4 e5 2. Nf3 Nc6 3. Bc4 Bc5 4. O-O h6 5. c3 Nge7 6. d4 exd4 7. cxd4 Bb6 8. Nc3 a6 9. d5 Na5 10. Be2 c5 11. d6 Ng6 12. Nd5 O-O 13. Be3 Nc6 14.
Rc1 Nce5 15. Nxe5 Nxe5 16. f4 Ng6 17. e5 Qh4 18. Nxb6 1-0

[Event "Live Chess"]
[Site "Chess.com"]
[Date "2023.05.20"]
[Round "-"]
[White "YF22Raptor"]
[Black "luckywookie"]
[Result "1-0"]
[WhiteElo "1015"]
[BlackElo "729"]
[TimeControl "300"]
[EndTime "10:45:41 PDT"]
[Termination "YF22Raptor won by resignation"]

1. e4 c6 2. Nf3 d5 3. Nc3 Bg4 4. exd5 Bxf3 5. Qxf3 Nf6 6. dxc6 Nxc6 7. Bb5 Rc8 8.
Bxc6+ Rxc6 9. d3 Re6+ 10. Be3 g6 11. Qxb7 Ng4 12. Qxa7 Nxe3 13. fxe3 Rxe3+ 14. Qxe3 Bg7 15. O-O-O O-O 16. Kb1 Bxc3 17. bxc3 Qb8+ 18. Ka1 Qb7 19. Rb1 Qxg2 20. Qf3 Qxc2 21. d4 Rc8 22. Qe3 e6 23. Rb3 Ra8 24. Rb2 Qa4 25. Rc1 Qa5 26. Rcc2 Qd5 27.
Qe5 Qh1+ 28. Rb1 Qc6 29. Rd1 Qc4 30. Rdd2 Qf1+ 31. Kb2 Qc4 32. a3 Qc8 33. Qc5 Qb7+ 34. Ka2 Qb8 35. Rb2 Qf4 36. Rf2 Rxa3+ 37. Qxa3 Qxf2 38.
Rxf2 1-0

[Event "Live Chess"]
[Site "Chess.com"]
[Date "2023.05.20"]
[Round "-"]
[White "Outspanner"]
[Black "stevefairhurst"]
[Result "1-0"]
[WhiteElo "1543"]
[BlackElo "585"]
[TimeControl "300"]
[EndTime "10:45:43 PDT"]
[Termination "Outspanner won by resignation"]

1. d4 e5 2. dxe5 Nc6 3. Nf3 Qe7 4. Bg5 Qb4+ 5. Bd2 Qxb2 6. Bc3 Bb4 7. Bxb4 Qxa1 8. Bc3 Qxa2 9. e3 Qe6 10. Bd3 d6 11.
exd6 Nf6 12. dxc7 O-O 13. O-O Bd7 14. Ng5 Qd6 15. Bxh7+ Nxh7 16. Qxd6 Nxg5 17. Qxd7 1-0

[Event "Live Chess"]
[Site "Chess.com"]
[Date "2023.05.20"]
[Round "-"]
[White "mattihelenius2"]
[Black "GMHarry-youtube"]
[Result "0-1"]
[WhiteElo "443"]
[BlackElo "2152"]
[TimeControl "300"]
[EndTime "10:45:52 PDT"]
[Termination "GMHarry-youtube won by checkmate"]

1. d4 e5 2. e3 d5 3. Nf3 e4 4. Ne5 f6 5. Ng4 h5 6. Nc3 Bxg4 7. f3 exf3 8. gxf3 Bf5 9. Bd3 Qd7 10.
e4 dxe4 11. fxe4 Bg4 12. Bb5 c6 13. Qd3 cxb5 14. Nxb5 Nc6 15. d5 Ne5 16. Qd4 Qxb5 17. Rg1 Qe2# 0-1

[Event "Live Chess"]
[Site "Chess.com"]
[Date "2023.05.20"]
[Round "-"]
[White "lateforthesky"]
[Black "booktrunk"]
[Result "1-0"]
[WhiteElo "2073"]
[BlackElo "1333"]
[TimeControl "300"]
[EndTime "10:46:01 PDT"]
[Termination "lateforthesky won by checkmate"]

1. e4 d5 2. exd5 Qxd5 3. Nc3 Qe5+ 4. Be2 c6 5. d4 Qf6 6. Nf3 e6 7. O-O h6 8. Re1 Bd6 9. Bc4 Ne7 10. Ne4 Qg6 11.
Nxd6+ Kd7 12. Nxc8 Nxc8 13. Bd3 Qf6 14. c4 Ne7 15. d5 cxd5 16. cxd5 Nxd5 17. Bc4 Kc7 18. Bxd5 exd5 19. Qxd5 Rd8 20. Bf4+ Kb6 21. Qb3+ Ka6 22. Qa4+ Kb6 23. Rac1 a5 24. Re3 Nc6 25. Rb3+ Ka6 26. Qb5+ Ka7 27. Qxb7# 1-0

[Event "Live Chess"]
[Site "Chess.com"]
[Date "2023.05.20"]
[Round "-"]
[White "wadsy27"]
[Black "Wlzard-1"]
[Result "1-0"]
[WhiteElo "2587"]
[BlackElo "986"]
[TimeControl "300"]
[EndTime "10:46:01 PDT"]
[Termination "wadsy27 won by checkmate"]

1. c4 Nf6 2. Nf3 g6 3. Nc3 Bg7 4. g3 O-O 5. Bg2 d6 6. d4 b6 7. Ng5 c6 8. h4 h5 9. e4 Bg4 10. f3 Bd7 11. Be3 Na6 12. Qd2 Nb4 13. a3 Na6 14.
O-O-O e6 15. e5 Ne8 16. g4 d5 17. gxh5 gxh5 18. Qc2 f6 19. Qh7# 1-0

[Event "Live Chess"]
[Site "Chess.com"]
[Date "2023.05.20"]
[Round "-"]
[White "MrDodgy"]
[Black "LL220284LL"]
[Result "1-0"]
[WhiteElo "2330"]
[BlackElo "2396"]
[TimeControl "300"]
[EndTime "10:46:06 PDT"]
[Termination "MrDodgy won by resignation"]

1. e4 c5 2. Nf3 Nc6 3. Bb5 e6 4. Bxc6 bxc6 5. O-O Ne7 6. e5 Ng6 7. Re1 Be7 8. d4 cxd4 9. Qxd4 O-O 10. Nc3 f6 11.
Ne4 fxe5 12. Nxe5 Nxe5 13. Qxe5 d5 14. Ng5 Bd6 15. Qe2 e5 16. Qh5 h6 17. Nf3 e4 18. Nd4 Be5 19. Nxc6 Bxh2+ 20. Qxh2 Qb6 21. Ne7+ Kh7 22. Be3 1-0

[Event "Live Chess"]
[Site "Chess.com"]
[Date "2023.05.20"]
[Round "-"]
[White "ACx04"]
[Black "JanMur7"]
[Result "0-1"]
[WhiteElo "423"]
[BlackElo "1947"]
[TimeControl "300"]
[EndTime "10:46:08 PDT"]
[Termination "JanMur7 won by checkmate"]

1. e4 e5 2. Bc4 Nc6 3. Nf3 Bc5 4. O-O Nf6 5. Ng5 O-O 6. Bxf7+ Rxf7 7. Nxf7 Kxf7 8.
Qf3 d6 9. Nc3 Nd4 10. Qd1 Bg4 11. f3 Nxf3+ 12. Kh1 Nxh2 13. Kxh2 Bxd1 14. Rxd1 Ng4+ 15.
Kh3 Nf2+ 16. Kg3 Qg5+ 17. Kh2 Qh4+ 18. Kg1 Qh1# 0-1

[Event "Live Chess"]
[Site "Chess.com"]
[Date "2023.05.20"]
[Round "-"]
[White "matt1979"]
[Black "Reggie016"]
[Result "1-0"]
[WhiteElo "1459"]
[BlackElo "1073"]
[TimeControl "300"]
[EndTime "10:46:09 PDT"]
[Termination "matt1979 won by checkmate"]

1. f4 e6 2. Nf3 f5 3. e3 Be7 4. Be2 Nf6 5. O-O O-O 6. d3 b6 7. Nc3 Bb7 8. Qe1 d6 9. b3 Nbd7 10. Bb2 e5 11. Ng5 Qe8 12. Ne6 Qg6 13. Qf2 Rfc8 14. Bf3 Bxf3 15. Qxf3 Ng4 16. Nxc7 Rxc7 17. Qxa8+ Kf7 18. Qd5+ Kf8 19. Rae1 Rc5 20. Qf3 Qh6 21.
h3 Ngf6 22. fxe5 dxe5 23. Ne2 Rxc2 24. Bc3 Rxa2 25. Ra1 Rxa1 26. Rxa1 a5 27. b4 axb4 28.
Bd2 Kf7 29. Rd1 g5 30. Ng3 f4 31. Nf5 Qf8 32. Nxe7 Qxe7 33. Rb1 Nc5 34. Bxb4 Qc7 35. Rc1 Nfd7 36. d4 exd4 37. exd4 Qd6 38. dxc5 Qd4+ 39.
Qf2 Qxb4 40. cxb6 Nxb6 41. Rc7+ Kg6 42. Qc2+ Kh5 43. Qxh7# 1-0

[Event "Live Chess"]
[Site "Chess.com"]
[Date "2023.05.20"]
[Round "-"]
[White "Brooms1989"]
[Black "Conradical12"]
[Result "1-0"]
[WhiteElo "1001"]
[BlackElo "1519"]
[TimeControl "300"]
[EndTime "10:46:12 PDT"]
[Termination "Brooms1989 won by resignation"]

1. e4 e5 2. Nc3 Nc6 3. Bc4 Nf6 4. d3 Bc5 5. Nf3 Ng4 6. O-O d6 7.
a3 a5 8. Bd2 h5 9. h3 Bd7 10.
Bxf7+ Kxf7 11. Ng5+ Ke8 12. Qf3 Qf6 13. Qxf6 gxf6 14.
Nd5 fxg5 15. hxg4 Rc8 16. Bxg5 hxg4 17. Nf6+ Kf7 18. Nxd7 Ba7 19. Be3 Ke7 20. Bxa7 Nxa7 21. f4 Kxd7 22. fxe5 dxe5 23. Rf7+ Ke6 24. Raf1 Rh6 25.
Rg7 Rch8 26. Rff7 Nc6 27. Rxc7 Rf6 28. Rxb7 Nd4 29. Rb6+ 1-0

[Event "Live Chess"]
[Site "Chess.com"]
[Date "2023.05.20"]
[Round "-"]
[White "Ninifu"]
[Black "DerbyKnight"]
[Result "1-0"]
[WhiteElo "1987"]
[BlackElo "1594"]
[TimeControl "300"]
[EndTime "10:46:20 PDT"]
[Termination "Ninifu won by resignation"]

1. d4 d5 2. c4 e6 3. Nc3 Nf6 4. cxd5 exd5 5. Bg5 c6 6. e3 Be7 7. Bd3 h6 8. Bf4 O-O 9. h3 Bd6 10. Be5 Re8 11. Nf3 Qc7 12. O-O Be6 13. Rc1 Nbd7 14. Nb5 1-0

[Event "Live Chess"]
[Site "Chess.com"]
[Date "2023.05.20"]
[Round "-"]
[White "Supertromp"]
[Black "Dark_Night123"]
[Result "1-0"]
[WhiteElo "2183"]
[BlackElo "1575"]
[TimeControl "300"]
[EndTime "10:46:30 PDT"]
[Termination "Supertromp won by resignation"]

1. e4 e5 2. Nf3 Nc6 3. Bc4 Nf6 4. d3 Bc5 5. O-O d6 6. c3 Bg4 7. a4 a5 8. Nbd2 Qe7 9. Re1 h5 10. h3 Be6 11. Bxe6 Qxe6 12. Nb3 Ba7 13. d4 exd4 14.
cxd4 O-O-O 15. d5 Nxd5 16. exd5 1-0

[Event "Live Chess"]
[Site "Chess.com"]
[Date "2023.05.20"]
[Round "-"]
[White "SavagePawn7"]
[Black "gmnorfolk"]
[Result "0-1"]
[WhiteElo "750"]
[BlackElo "2135"]
[TimeControl "300"]
[EndTime "10:46:36 PDT"]
[Termination "gmnorfolk won by resignation"]

1. e4 e5 2. d4 exd4 3. c3 Qe7 4. Bc4 d5 5. Bxd5 Nf6 6. Qe2 Nxd5 7. exd5 Qxe2+ 8. Nxe2 dxc3 9. Nbxc3 Bd6 10. Bf4 Bxf4 11. Nxf4 O-O 12. O-O-O Bf5 13. Rhe1 Nd7 14. h3 h6 15. g4 Bh7 16. f3 Nb6 17. b3 a5 18.
a4 Rac8 19. Nb5 Rfd8 20. Nc3 Rd6 21. Ne4 Bxe4 22. fxe4 c6 23. dxc6 Rdxc6+ 24. Kb1 Rc3 25. Rd3 Rxd3 26. Nxd3 Rc3 27. Re3 Rxb3+ 28. Ka2 Rc3 29. Kb2 Rc4 30. Ne5 Rxa4 31. Rd3 Nc4+ 32. Kb3 Rb4+ 33. Kc2 Nxe5 34. Rd8+ Kh7 0-1

[Event "Live Chess"]
[Site "Chess.com"]
[Date "2023.05.20"]
[Round "-"]
[White "flyingpuffins"]
[Black "Pablo_dmp"]
[Result "1-0"]
[WhiteElo "1982"]
[BlackElo "1865"]
[TimeControl "300"]
[EndTime "10:46:38 PDT"]
[Termination "flyingpuffins won by checkmate"]

1. e4 c5 2. Nf3 Nc6 3. Bb5 g6 4. O-O Bg7 5. c3 e6 6. d4 cxd4 7. cxd4 d5 8. e5 Ne7 9. Nc3 O-O 10. h4 Bd7 11. h5 Nf5 12. hxg6 fxg6 13. Bd3 Nfxd4 14.
Nxd4 Nxd4 15. Bxg6 Nc6 16. Bc2 Nxe5 17. Qh5 h6 18.
Bxh6 Qf6 19. Be3 Be8 20. Bh7+ Kh8 21. Bg6+ Bh6 22. Qxh6+ Kg8 23. Qh7# 1-0

[Event "Live Chess"]
[Site "Chess.com"]
[Date "2023.05.20"]
[Round "-"]
[White "Horseymobile"]
[Black "Hacker_2009"]
[Result "0-1"]
[WhiteElo "1246"]
[BlackElo "1914"]
[TimeControl "300"]
[EndTime "10:46:39 PDT"]
[Termination "Hacker_2009 won by resignation"]

1. d4 Nf6 2. c4 e6 3. Nc3 d5 4.
Bg5 Be7 5. Nf3 O-O 6. Qc2 b6 7. e3 Bb7 8. Bd3 c5 9. Bxf6 Bxf6 10. Bxh7+ Kh8 11. Bd3 cxd4 12. exd4 dxc4 13. Bxc4 Bxf3 14. gxf3 Qxd4 15. Qe4 Qxe4+ 16. Nxe4 Bxb2 17. Rb1 Be5 18. Rg1 Nc6 19. Rg5 Nd4 20. Rh5+ Kg8 21. Nd2 Bf6 22. Bd3 g6 23. Rh3 Rfd8 24. Ne4 Bg7 25. Rb4 Nc6 26. Rc4 Na5 27. Rc3 Bxc3+ 0-1

[Event "Live Chess"]
[Site "Chess.com"]
[Date "2023.05.20"]
[Round "-"]
[White "TobyQuaite"]
[Black "JoshMcK"]
[Result "1-0"]
[WhiteElo "1701"]
[BlackElo "1533"]
[TimeControl "300"]
[EndTime "10:46:41 PDT"]
[Termination "TobyQuaite won by resignation"]

1. e4 c6 2. Nc3 d5 3. Nf3 Bg4 4. d4 Bxf3 5. Qxf3 e6 6. Bf4 Nf6 7. e5 Nfd7 8. Bd3 c5 9. Ne2 cxd4 10. Nxd4 Bc5 11. Nb3 Bb6 12. Bg3 O-O 13. h4 Nc6 14. Qh5 g6 15. Qe2 Nd4 16. Nxd4 Bxd4 17. O-O-O Qb6 18.
c3 Bc5 19. h5 Be7 20. hxg6 fxg6 21. Qg4 Nxe5 22. Bxe5 Qxf2 23. Bxg6 Qe3+ 24. Kb1 Qg5 25.
Bxh7+ Kf7 26. Rdf1+ Ke8 27. Bg6+ Kd7 28. Qxg5 Bxg5 29.
Rh7+ Kc6 30. Rxf8 Rxf8 31. Bd4 Rf1+ 32. Kc2 Rc1+ 33. Kb3 a5 34. Be8+ Kd6 35. Rd7+ Kc6 36. Rg7+ 1-0

[Event "Live Chess"]
[Site "Chess.com"]
[Date "2023.05.20"]
[Round "-"]
[White "OceanFloater"]
[Black "GEMdzq"]
[Result "0-1"]
[WhiteElo "988"]
[BlackElo "2244"]
[TimeControl "300"]
[EndTime "10:46:41 PDT"]
[Termination "GEMdzq won by resignation"]

1. e4 d6 2. Nf3 Nf6 3. Nc3 g6 4. d4 Bg7 5. e5 dxe5 6. dxe5 Qxd1+ 7. Nxd1 Ng4 8. h3 Nxe5 9. Nxe5 Bxe5 10. Bh6 Nc6 11. Ne3 Be6 12. c3 O-O-O 13. Be2 f6 14. Bg7 Rhg8 15. Bh6 g5 16. Bg4 Bxg4 17. Nxg4 Bf4 18.
g3 Bd6 19. O-O Rg6 20. Rad1 f5 21. Ne3 Rxh6 22. Nxf5 Rf6 23. Nxd6+ Rdxd6 24. Rxd6 cxd6 25. Re1 e5 26. Kg2 h5 27. h4 g4 28. Re3 Kd7 29.
a3 a5 30. Re4 d5 31. Re3 Kd6 32. b4 d4 33. cxd4 exd4 34. Rd3 Kd5 35. b5 Ne5 36. Rd2 Nc4 37. Rd3 Ke4 38. Rd1 d3 39. b6 d2 40. Rb1 Rxb6 41. Rxb6 Nxb6 0-1

[Event "Live Chess"]
[Site "Chess.com"]
[Date "2023.05.20"]
[Round "-"]
[White "MarkLim1"]
[Black "xx_blindpuffin_xx"]
[Result "0-1"]
[WhiteElo "1629"]
[BlackElo "2190"]
[TimeControl "300"]
[EndTime "10:46:42 PDT"]
[Termination "xx_blindpuffin_xx won on time"]

1. d4 e6 2. Nf3 c5 3. e3 Nc6 4. c3 Nf6 5. Bd3 Be7 6. O-O O-O 7.
Nbd2 b6 8. a3 Bb7 9. e4 d6 10. Re1 Rc8 11. Nf1 Na5 12. Ng3 c4 13. Bc2 Qc7 14. Bf4 Rfd8 15. Qe2 Nd7 16. e5 Bxf3 17.
Qxf3 dxe5 18. Bxe5 Nxe5 19. Rxe5 Bf6 20. Rh5 Qc6 21.
Bxh7+ Kf8 22. Be4 Qc7 23. Rh8+ Ke7 24. Rxd8 Rxd8 25. h3 Nb3 26. Re1 g6 27. Nf1 Nd2 28. Nxd2 Rh8 29. d5 e5 30. Qe2 b5 31. a4 a6 32. a5 Kf8 33. b4 cxb3 34. Nxb3 Qxc3 35.
Qc2 Qxe1+ 36. Kh2 Kg7 37. d6 Rd8 38. Nc5 Rxd6 39. Nb7 Rd2 40. Qc6 Rxf2 41. Nd6 Bg5 42. Ne8+ Kh6 43. h4 Bf4+ 44. Kh3 Qe3+ 45. Bf3 Rxf3+ 46. Qxf3 Qg1 47. Nf6 Qh2+ 48. Kg4 Kg7 49. Ne8+ Kf8 50. Nd6 f5+ 51. Nxf5 gxf5+ 52. Kxf5 Qxh4 53.
Ke4 Qg5 54. g3 Qg6+ 55. Kd5 Qxg3 56. Qh5 Qg7 57. Qf5+ Qf7+ 58. Qxf7+ Kxf7 59. Ke4 Kf6 60. Kf3 Ke6 61. Ke2 Kd5 0-1

[Event "Live Chess"]
[Site "Chess.com"]
[Date "2023.05.20"]
[Round "-"]
[White "Singapourfeuj"]
[Black "1600x"]
[Result "1-0"]
[WhiteElo "2251"]
[BlackElo "1551"]
[TimeControl "300"]
[EndTime "10:46:47 PDT"]
[Termination "Singapourfeuj won by resignation"]

1. d4 d5 2. c4 dxc4 3. e4 c6 4. Bxc4 b5 5. Bb3 Nf6 6. Nc3 b4 7. Na4 Nxe4 8. Nf3 Qd7 9. Ne5 Qd6 10. Bxf7+ Kd8 11. Bg6 Qd5 12. Bxe4 Qxe4+ 13. Qe2 Qxg2 14. Rf1 Ke8 15. Bd2 Qd5 16. Bxb4 h5 17. Nc3 Qxd4 18. Ba3 Na6 19. Rd1 Qxe5 20. Qxe5 Rh6 21. Qa5 Bb7 22.
Ne4 Rb8 23. f3 Re6 24. Qxh5+ g6 25. Qh8 Bc8 26. Kf2 c5 27. Rfe1 Bd7 28. Nxc5 Rxe1 29.
Rxe1 Nxc5 30. Bxc5 Be6 31. Rxe6 Kf7 32. Rxe7+ Bxe7 33.
Qxb8 Bxc5+ 34. Ke2 Ke6 35. b4 Bd6 36. Qxa7 Bxb4 37.
Qb6+ Bd6 38. a4 Kd7 39. Qxd6+ Kxd6 40. f4 Kc6 41. f5 gxf5 42. h4 f4 43. h5 f3+ 44.
Kxf3 Kc5 45. h6 Kb4 46. h7 Kxa4 47. h8=Q Kb5 48. Qc8 Kb4 49. Ke4 Kb5 50. Kd5 Kb4 51.
Qc4+ Ka3 52. Qb5 1-0

[Event "Live Chess"]
[Site "Chess.com"]
[Date "2023.05.20"]
[Round "-"]
[White "Enhard"]
[Black "Jio85"]
[Result "0-1"]
[WhiteElo "1440"]
[BlackElo "2007"]
[TimeControl "300"]
[EndTime "10:46:47 PDT"]
[Termination "Jio85 won by resignation"]

1. d4 f5 2. Bg5 Nf6 3. e3 e6 4. Bxf6 Qxf6 5. Nf3 b6 6. Be2 Bb7 7. O-O Be7 8. Ne5 Nc6 9. Nxc6 Bxc6 10. Bf3 O-O 11.
Bxc6 dxc6 12. f4 c5 13. c3 Rfd8 14. Qf3 cxd4 15. cxd4 c5 16. Nc3 cxd4 17. exd4 Qxd4+ 18. Kh1 Qd3 19. Qb7 Qd7 20. Qf3 Qd3 21. Rfd1 Qxf3 22. Rxd8+ Rxd8 23. gxf3 Rd2 24. Re1 Kf7 25. Rb1 Bd6 26.
Nb5 Bxf4 0-1

[Event "Live Chess"]
[Site "Chess.com"]
[Date "2023.05.20"]
[Round "-"]
[White "NatashaRegan"]
[Black "LiamBellwood"]
[Result "0-1"]
[WhiteElo "1872"]
[BlackElo "2080"]
[TimeControl "300"]
[EndTime "10:47:09 PDT"]
[Termination "LiamBellwood won by resignation"]

1. e4 e6 2. d4 d5 3. e5 Bd7 4. c4 dxc4 5. Bxc4 Bc6 6. Nf3 Ne7 7. Nc3 Nd5 8. O-O Be7 9. Ne4 O-O 10. Bg5 h6 11. Bxe7 Qxe7 12. Re1 Nd7 13. Qd2 N7b6 14. Bd3 a6 15. Rac1 Bb5 16. Bxb5 axb5 17. a3 Nc4 18. Qe2 c6 19. h3 Rfd8 20. Nh2 Nf4 21. Qg4 Ng6 22. Qh5 Nxb2 23. Rc3 Qh4 24. Qe2 Nc4 25.
Ng4 Rxd4 26. Rg3 Rd5 27. Ngf6+ gxf6 28. Nxf6+ Kf8 29. Nxd5 cxd5 30. Rg4 Qh5 31. Qf3 Qf5 32. Qc3 Rxa3 33. Qb4+ Ke8 34. Rxc4 dxc4 35. Qxa3 Nxe5 36. Qa8+ Ke7 37. Qxb7+ Kf6 38. Qxb5 Nf3+ 39. gxf3 Qxb5 40. Kg2 Qb2 41. Re3 c3 42. Re4 c2 43. Rc4 c1=Q 44. Rxc1 Qxc1 45. Kg3 Qg5+ 46. Kh2 h5 47. Kh1 h4 48.
Kh2 Qf4+ 49. Kh1 Qxf3+ 50. Kh2 Qxf2+ 51. Kh1 Qf3+ 52. Kh2 e5 53. Kg1 e4 0-1